 Dungeon Crawl Stone Soup version 0.18.1-48-g4cf74bf (webtiles) character file.

74 Antonin the Changer (level 4, -1/28 HPs)
             Began as an Octopode Transmuter on Sept 9, 2016.
             Slain by an ogre
             ... wielding a +0 giant club
              (25 damage)
             ... on level 3 of the Dungeon.
             The game lasted 00:04:41 (2488 turns).

Antonin the Changer (Octopode Transmuter)           Turns: 2488, Time: 00:04:42

Health: -1/28      AC:  1    Str:  9    XL:     4   Next: 30%
Magic:  0/7        EV: 12    Int: 16    God:
Gold:   105        SH:  0    Dex: 12    Spells: 3 memorised, 1 level left

rFire  . . .     SeeInvis .       - Unarmed
rCold  . . .     Gourm    .     (no shield)
rNeg   . . .     Faith    .     (helmet restricted)
rPois  .         Spirit   .     (no amulet)
rElec  .         Dismiss  .     (no ring)
rCorr  .         Reflect  .     (no ring)
SustAt .         Harm     .     (no ring)
MR     .....                    (no ring)
Stlth  +++.......               (no ring)
                                (no ring)
                                (no ring)
                                (no ring)

@: very slightly contaminated, not resistant to hostile enchantments, fairly
stealthy
A: almost no armour, amphibious, 8 rings, constrict 8, camouflage 1, gelatinous
body 1
a: no special abilities


You were on level 3 of the Dungeon.
You were very hungry.

You visited 1 branch of the dungeon, and saw 3 of its levels.

You collected 105 gold pieces.

Inventory:

Missiles
 a - 40 arrows
Scrolls
 e - 2 scrolls of identify {unknown}
 f - 2 scrolls of enchant weapon {unknown}
 g - a scroll of recharging {unknown}
 k - a scroll of amnesia {unknown}
 m - a scroll of magic mapping {unknown}
 q - a scroll of fear {unknown}
Potions
 d - 3 potions of flight {unknown}
 h - 3 potions of agility {unknown}
 i - 3 potions of haste {unknown}
 l - a potion of curing {unknown}
 o - 2 potions of degeneration {unknown}
Books
 b - a book of Changes

   Spells                             Type                      Level
   a - Beastly Appendage              Transmutation                1
   b - Sticks to Snakes               Transmutation                2
   c - Spider Form                    Transmutation/Poison         3
   d - Ice Form                       Ice/Transmutation            4
   e - Blade Hands                    Transmutation                5
Comestibles
 c - a bread ration
 j - a beef jerky
 n - 3 meat rations
 p - a royal jelly


   Skills:
 - Level 1.0 Fighting
 + Level 2.6 Dodging
 + Level 1.1 Stealth
 + Level 3.4 Unarmed Combat
 - Level 2.0 Spellcasting
 * Level 3.5 Transmutations


You had one spell level left.
You knew the following spells:

 Your Spells              Type           Power        Failure   Level  Hunger
a - Beastly Appendage     Trmt           ##....       6%          1    #......
b - Sticks to Snakes      Trmt           ##......     10%         2    ###....
c - Spider Form           Trmt/Pois      #.........   34%         3    ###....


Dungeon Overview and Level Annotations

Branches:
Dungeon (3/15)

Altars:


Innate Abilities, Weirdness & Mutations

You cannot wear most types of armour.
You are amphibious.
You can wear up to eight rings at the same time.
You can use your tentacles to constrict eight enemies at once.
Your skin changes colour to match your surroundings (Stealth).
Your rubbery body absorbs attacks (AC +1).


Message History

You are very lightly contaminated with residual magic.
Nothing appears to happen.
Casting: Sticks to Snakes
Confirm with . or Enter, or press ? or * to list all spells.
You don't have enough magic to cast that spell.
Your ball python bites the ogre but does no damage.
The ogre hits your ball python with a giant club!
Your ball python dies!
The ogre completely misses your adder.
Your adder bites the ogre.
Your adder barely misses the ogre.
The ogre barely misses your adder.
Your adder bites the ogre.
The ogre is poisoned.
Your adder poisons the ogre!
Your adder bites the ogre.
The ogre hits your adder with a giant club!
Your adder dies!
Casting: Sticks to Snakes
Confirm with . or Enter, or press ? or * to list all spells.
You create a snake!
You now have 40 arrows.
The ogre hits you with a giant club!!
Ouch! That really hurt!
You die...

.......#.# #..(..# #.#
.......#.# #.....###.#
.......+.# #.........#
.......#.###..(..###.#
.(.............### #.#
#.........###..# .#
#.........# #.(#
#.........###..##
......O@....#...#
.......S....#.#.#
............#.#.#
...####.......#.# ..
+.........# .
#......#..#
########...# #.#.#
.#..#


You could see an ogre and a friendly ball python.

Vanquished Creatures
  2 adders (D:3)
  An ooze (D:3)
  A dart slug (D:2)
  3 giant geckos
  2 giant cockroaches
  2 goblins
  7 hobgoblins
  12 jackals
  2 kobolds (D:2)
  2 quokkas (D:2)
  A bat (D:1)
  A giant newt (D:2)
  5 rats
41 creatures vanquished.

Vanquished Creatures (collateral kills)
  An orc (D:3)
1 creature vanquished.

Grand Total: 42 creatures vanquished

Notes
Turn   | Place    | Note
--------------------------------------------------------------
     0 | D:1      | Antonin the Octopode Transmuter began the quest for the Orb.
     0 | D:1      | Reached XP level 1. HP: 13/13 MP: 3/3
   272 | D:1      | Reached XP level 2. HP: 18/18 MP: 5/5
  1084 | D:2      | Reached XP level 3. HP: 22/23 MP: 6/6
  2143 | D:3      | Reached skill level 1 in Stealth
  2143 | D:3      | Reached XP level 4. HP: 19/28 MP: 5/7
  2402 | D:3      | Learned a level 2 spell: Sticks to Snakes
  2406 | D:3      | Learned a level 3 spell: Spider Form
  2472 | D:3      | Noticed an ogre
  2488 | D:3      | Slain by an ogre

Skill      XL: |  1  2  3 |
---------------+----------+-----
Transmutations | 3 |  3.5
Stealth        | 1 |  1.1
Fighting       | |  1.0
Dodging        | |  2.6
Unarmed Combat | |  3.4
Spellcasting   | |  2.0

Action                   |  1- 3 |  4- 6 || total
-------------------------+-------+-------++-------
Melee: Unarmed           |    93 |     9 ||   102
       Constrict         |    28 |     1 ||    29
       Tentacles         |    10 |     2 ||    12
       Punch             |     1 |       ||     1
 Cast: Beastly Appendage |     1 |       ||     1
       Sticks to Snakes  |       |     5 ||     5
 Stab: Sleeping          |     9 |       ||     9
  Eat: Chunk             |     4 |       ||     4
Armor: Skin              |     1 |       ||     1
Dodge: Dodged            |    50 |     4 ||    54
